 Dungeon Crawl Stone Soup version 0.24.0-1-gfbc8707 (webtiles) character file.

Game seed: 17263853052887860164, levelgen mode: deterministic

77 Fang the Skirmisher (level 4, -2/43 HPs)
             Began as a Gargoyle Berserker on Oct 29, 2019.
             Was a Believer of Trog.
             Slain by a gnoll
             ... wielding a +0 halberd
              (4 damage)
             ... on level 3 of the Dungeon.
             The game lasted 00:01:21 (2331 turns).

Fang the Skirmisher (Gargoyle Berserker)            Turns: 2331, Time: 00:01:22

Health: -2/43      AC:  5    Str: 27    XL:     4   Next: 33%
Magic:  4/4        EV: 12    Int:  7    God:    Trog [**....]
Gold:   116        SH:  0    Dex:  9    Spells: 3/3 levels left

rFire    . . .     SeeInvis .   a - +0 hand axe
rCold    . . .     Gourm    .   (no shield)
rNeg     + . .     Faith    .   b - +0 animal skin
rPois    ∞         Spirit   .   (no helmet)
rElec    +         Reflect  .   f - scarf {repulsion}
rCorr    .         Harm     .   (no gloves)
MR       .....                  (no boots)
Stlth    ..........             (no amulet)
HPRegen  0.14/turn              (no ring)
MPRegen  0.09/turn              (no ring)

@: berserking, repel missiles, very quick
A: negative energy resistance 1, electricity resistance, unbreathing,
petrification resistance, rot immunity, AC +3
a: Berserk, Trog's Hand, Renounce Religion


You were on level 3 of the Dungeon.
You worshipped Trog.
Trog was pleased with you.
You were very hungry.

You visited 1 branch of the dungeon, and saw 3 of its levels.

You collected 116 gold pieces.

Inventory:

Hand Weapons
 a - a +0 hand axe (weapon)
Armour
 b - a +0 animal skin (worn)
 f - a scarf of repulsion (worn)
Scrolls
 d - 2 scrolls of remove curse {unknown}
 e - 2 scrolls of magic mapping {unknown}
 g - 2 scrolls of identify {unknown}
 h - a scroll of fear {unknown}
 k - 2 scrolls of amnesia {unknown}
 n - a scroll of teleportation {unknown}
Potions
 i - a potion of heal wounds {unknown}
 j - a potion of brilliance {unknown}
 m - a potion of might {unknown}
Comestibles
 c - 6 rations


   Skills:
 * Level 4.0 Fighting
 * Level 3.2 Axes
 + Level 3.1 Armour
 + Level 2.2 Dodging


You had 3 spell levels left.
You didn't know any spells.
Your spell library was empty.

Dungeon Overview and Level Annotations

Branches:
Dungeon (3/15)

Altars:


Innate Abilities, Weirdness & Mutations

You are resistant to torment.
Your stone body is resilient. (AC +3)
You are immune to poison.
You resist negative energy. (rN+)
You are resistant to electric shocks. (rElec)
You can survive without breathing.
You are immune to petrification.
You are immune to rotting.


Message History

* * * LOW HITPOINT WARNING * * *
The quokka zombie bites you.
* * * LOW HITPOINT WARNING * * *
The gnoll closely misses you. The bat hits you but does no damage.
The orc hits you but does no damage. The hobgoblin misses you.
You slice the adder!!
You kill the adder!
Trog accepts your kill.
Your Fighting skill increases to level 4!
You slash the bat!
You kill the bat!
Trog accepts your kill.
You slash the gnoll! You closely miss the gnoll. You barely miss the hobgoblin.
You slash the quokka zombie!
You destroy the quokka zombie!
Trog accepts your kill.
You closely miss the orc. The gnoll hits you with a +0 flail!
* * * LOW HITPOINT WARNING * * *
The gnoll hits you from afar with a +0 halberd.
You die...

#..........#
####..........#
#.......!.....#
#.............#
#............(#
#.......g.....#
.......o††....#
#####
#)......@gg...#
....#
#......g.g....#
###.#
#.....#.#######
.<#.# #.... #.#
###.# #... #.#
....# #.. #.#
....# #. #.#
....# # #.#
...############.#


You could see 4 gnolls, an orc and a hobgoblin.

Vanquished Creatures
  3 adders
  A worm (D:2)
  2 dart slugs
  A leopard gecko (D:2)
  2 giant cockroaches (D:1)
  6 hobgoblins
  6 bats
  2 frilled lizards
  5 goblins
  7 kobolds
  A quokka zombie (D:3)
  8 rats
44 creatures vanquished.

Notes
Turn   | Place    | Note
-------+----------+-------------------------------------------
     0 | D:1      | Fang the Gargoyle Berserker began the quest for the Orb.
     0 | D:1      | Reached XP level 1. HP: 14/14 MP: 1/1
   129 | D:1      | Reached XP level 2. HP: 8/19 MP: 2/2
   869 | D:2      | Reached XP level 3. HP: 4/23 MP: 3/3
   931 | D:2      | Reached ** piety under Trog
  1593 | D:2      | Reached XP level 4. HP: 11/29 MP: 4/4
  2331 | D:3      | Reached skill level 4 in Fighting
  2331 | D:3      | HP: 2/43 [gnoll/+0 flail (7)]
  2331 | D:3      | Slain by a gnoll

Levels and vault maps discovered:
D:1:      dpeg_arrival_signposts, layout_basic, fountainhead
D:2:      layout_basic, chequers_big_river, st_stairs_2
D:3:      layout_basic, first_ration

Skill      XL: |  1  2  3  4 |
---------------+-------------+-----
Axes           | 3 |  3.2
Dodging        | 2 |  2.2
Armour         | 3 |  3.1
Fighting       | 4 |  4.0

Action                   |  1- 3 |  4- 6 || total
-------------------------+-------+-------++-------
Melee: Hand axe          |   113 |    31 ||   144
Invok: Berserk           |     2 |     1 ||     3
  Eat: Chunk             |     4 |     2 ||     6
Armor: Animal skin       |    43 |    20 ||    63
Dodge: Dodged            |    90 |    32 ||   122
       Deflected         |     3 |     1 ||     4
